AoeStats
← Valenp34

Yucatan

512487577Analyzed
3v3 RM · 7d ago on Oct 9, 2026· 71m 49s· 6 players
Game mode
Random Map
Map size
Normal (6 player)
Population
200
Speed
Normal
Resources
Standard
Victory
Conquest
Starting age
Dark Age
Ending age
Imperial Age
RankedLock teamsTeams togetherTeam positionsShared explorationLock speedFull tech treeHidden civsTurbo modeCheats
Victory
Defeat
🇦🇷 Italians · Argentina
1382
+14
🇦🇷 Portuguese · Argentina
1346
+16
🇧🇷 Goths · Brazil
1329
+16
vs
🇨🇴 Bengalis · Colombia
1390
-17
🇨🇴 Khmer · Colombia
1324
-15
🇦🇷 Vikings · Argentina
1300
-14
Catiorão
5:02 Loom
9:20 Feudal Age
10:44 Man-at-Arms
13:49 Double-Bit Axe
18:25 Castle Age
31:04 Squires
33:55 Imperial Age
31:50 Scale Mail Armor
32:29 Forging
33:17 Bow Saw
34:05 Chain Mail Armor
35:05 Wheelbarrow
34:25 Gold Mining
35:11 Conscription
35:02 Horse Collar
35:42 Anarchy
36:38 Iron Casting
36:54 Perfusion
38:10 Two-Man Saw
38:43 Blast Furnace
39:15 Conscription
38:57 Anarchy
40:39 Heavy Plow
43:06 Hand Cart
44:49 Long Swordsman
45:22 Two-Handed Swordsman
45:39 Champion
47:04 Elite Huskarl
49:38 Crop Rotation
50:34 Town Watch
52:35 Pikeman
53:10 Halberdier
67:53 Caravan
Meci
3:49 Loom
10:32 Feudal Age
14:47 Castle Age
13:15 Double-Bit Axe
15:42 Bow Saw
17:03 Fletching
17:59 Town Watch
28:19 Bodkin Arrow
29:04 Padded Archer Armor
31:38 Ballistics
32:47 Leather Archer Armor
33:25 Thumb Ring
35:15 Horse Collar
35:26 Gold Mining
41:39 Imperial Age
39:45 Wheelbarrow
38:48 Elite Skirmisher
40:36 Circumnavigation
40:49 Stone Mining
41:01 Heavy Plow
43:29 Chemistry
44:05 Bracer
45:01 Scale Mail Armor
45:43 Gambesons
49:23 Ring Archer Armor
48:30 Pikeman
50:43 Chain Mail Armor
50:53 Halberdier
51:18 Arson
51:46 Forging
53:35 Plate Mail Armor
53:41 Iron Casting
57:39 Blast Furnace
58:41 Town Patrol
58:42 Elite Organ Gun
59:34 Caravan
65:35 Arquebus
68:35 Fortified Wall
68:32 Siege Engineers
68:38 Masonry
68:08 Treadmill Crane
68:52 Onager
70:17 Conscription
Nano
6:54 Loom
11:20 Feudal Age
12:40 Double-Bit Axe
12:36 Horse Collar
15:21 Castle Age
14:46 Bloodlines
14:42 Scale Barding Armor
15:36 Forging
21:50 Wheelbarrow
23:14 Husbandry
24:50 Chain Barding Armor
26:06 Iron Casting
25:41 Bow Saw
25:27 Gold Mining
26:02 Heavy Plow
27:23 Hand Cart
29:04 Fletching
29:50 Bodkin Arrow
32:06 Town Watch
33:06 Iron Casting
33:54 Stone Mining
36:56 Imperial Age
38:16 Plate Barding Armor
38:46 Two-Man Saw
38:16 Crop Rotation
37:33 Cavalier
39:56 Chemistry
41:42 Conscription
42:59 Blast Furnace
43:03 Masonry
44:18 Light Cavalry
49:19 Hoardings
49:23 Architecture
48:36 Treadmill Crane
50:38 Guilds
49:53 Hussar
51:35 Pirotechnia
51:49 Padded Archer Armor
53:09 Elite Genoese Crossbowman
55:19 Silk Road
55:28 Caravan
56:35 Leather Archer Armor
56:20 Bracer
57:10 Fortified Wall
56:56 Murder Holes
57:35 Pikeman
58:17 Squires
62:22 Ring Archer Armor
62:31 Stone Shaft Mining
61:47 Arson
62:48 Ballistics
63:30 Thumb Ring
63:26 Scale Mail Armor
63:30 Onager
66:57 Chain Mail Armor
70:11 Coinage
70:28 Plate Mail Armor
72:30 Banking
71:56 Arrowslits
72:02 Guard Tower
Valenp34
5:52 Loom
9:50 Feudal Age
10:24 Double-Bit Axe
10:00 Man-at-Arms
12:44 Fletching
16:23 Padded Archer Armor
16:46 Horse Collar
22:26 Castle Age
22:40 Crossbowman
23:15 Bodkin Arrow
23:41 Heavy Plow
23:53 Bow Saw
23:39 Gold Mining
28:54 Leather Archer Armor
31:42 Ballistics
40:21 Imperial Age
39:03 Gold Shaft Mining
38:19 Treadmill Crane
39:04 Murder Holes
42:06 Chemistry
40:37 Arbalester
42:03 Bracer
42:47 Conscription
44:05 Ring Archer Armor
48:00 Scale Mail Armor
48:12 Forging
48:54 Pikeman
49:35 Squires
50:00 Elite Skirmisher
53:06 Two-Man Saw
52:27 Chain Mail Armor
52:47 Iron Casting
55:17 Masonry
54:52 Capped Ram
57:06 Blast Furnace
56:37 Plate Mail Armor
55:43 Siege Ram
58:19 Elite Varangian Guard
64:52 Long Swordsman
65:17 Arson
65:49 Scale Barding Armor
SMNT - KMUS
5:21 Loom
12:02 Feudal Age
14:56 Castle Age
12:53 Gold Mining
12:58 Double-Bit Axe
14:39 Wheelbarrow
15:00 Bloodlines
15:59 Scale Barding Armor
22:59 Chain Barding Armor
22:49 Forging
24:24 Forging
24:40 Husbandry
26:28 Bow Saw
26:39 Fletching
28:04 Iron Casting
29:34 Hand Cart
31:31 Horse Collar
32:16 Bodkin Arrow
35:16 Imperial Age
32:26 Light Cavalry
35:04 Town Watch
36:05 Gold Shaft Mining
35:20 Stone Mining
37:02 Stone Shaft Mining
36:40 Heavy Plow
36:09 Cavalier
38:00 Plate Barding Armor
40:10 Conscription
40:40 Scale Mail Armor
41:40 Blast Furnace
42:41 Bracer
47:17 Elite Battle Elephant
69:50 Hussar
TheMarshall
3:58 Loom
12:17 Feudal Age
13:16 Double-Bit Axe
16:23 Fletching
20:28 Wheelbarrow
23:16 Castle Age
21:28 Horse Collar
21:47 Gold Mining
23:50 Crossbowman
29:02 Bodkin Arrow
30:16 Gambesons
30:53 Man-at-Arms
32:53 Hand Cart
32:35 Town Watch
33:07 Scale Mail Armor
33:11 Long Swordsman
33:44 Arson
35:40 Squires
38:42 Imperial Age
36:37 Chain Mail Armor
36:33 Forging
36:53 Fortified Wall
37:43 Gold Shaft Mining
36:58 Stone Mining
38:43 Iron Casting
38:46 Two-Handed Swordsman
40:45 Blast Furnace
40:07 Champion
42:40 Chemistry
43:12 Siege Engineers
43:59 Conscription
44:35 Bracer
47:21 Scale Barding Armor
47:52 Bow Saw
48:31 Chain Barding Armor
48:44 Bloodlines
48:27 Elite Battle Elephant
49:51 Plate Barding Armor
50:06 Husbandry
51:11 Paiks
51:24 Heavy Plow
57:03 Light Cavalry
59:59 Pikeman
61:46 Murder Holes
63:51 Ballistics
65:42 Halberdier
68:14 Caravan
68:25 Guilds
69:13 Crop Rotation
69:50 Coinage
Connection lost

Rejoining the realm…

Still unreachable

The connection could not be restored.

Session expired

The server has moved on; the page needs a fresh start.